 Dungeon Crawl Stone Soup version 0.30-a0-758-gc2c871d025 (webtiles) character file.

Game seed: 13183711357040851533

2855 CrazyBamboolord the Spear-Bearer (level 10, -5/77 HPs)
             Began as a Formicid Fighter on Feb 10, 2023.
             Was a Believer of Okawaru.
             Slain by a two-headed ogre
             ... wielding a +0 giant club
              (27 damage)
             ... on level 9 of the Dungeon.
             The game lasted 00:10:44 (6030 turns).

CrazyBamboolord the Spear-Bearer (Formicid Fighter) Turns: 6030, Time: 00:10:45

Health: -5/77      AC: 11    Str: 25    XL:     10   Next: 4%
Magic:  12/12      EV: 10    Int: 14    God:    Okawaru [**....]
Gold:   162        SH: 11    Dex: 13    Spells: 8/9 levels left

rFire   . . .      SeeInvis +    a - +2 trident (freeze)
rCold   + . .      Faith    .    c - +0 buckler
rNeg    + . .      Spirit   .    m - +1 ring mail of Exclusion {rC+ rN+}
rPois   .          Reflect  +    (helmet unavailable)
rElec   .          Harm     .    (no cloak)
rCorr   .          Rampage  .    B - +0 pair of gloves
Will    +....                    G - +1 pair of boots "Sezejous" {Stlth+}
Stlth   ++                       F - amulet of reflection
HPRegen 0.32/turn                s - +6 ring of intelligence
MPRegen 0.13/turn                D - ring of wizardry

@: no status effects
A: permanent stasis, dig shafts and tunnels, antennae 3, four strong arms
a: Dig, Shaft Self, Renounce Religion, Heroism


You were on level 9 of the Dungeon.
You worshipped Okawaru.
Okawaru was pleased with you.
You visited 2 branches of the dungeon, and saw 10 of its levels.

You collected 352 gold pieces.
You spent 190 gold pieces at shops.

Inventory:

Hand Weapons
 a - a +2 trident of freezing (weapon)
Missiles
 l - 6 boomerangs of dispersal
 C - 2 throwing nets
Armour
 c - a +0 buckler (worn)
 m - the +1 ring mail of Exclusion (worn) {rC+ rN+}
   (You found it on level 2 of the Dungeon)

   rC:        It protects you from cold.
   rN:        It protects you from negative energy.
 B - a +0 pair of gloves (worn)
 G - the +1 pair of boots "Sezejous" (worn) {Stlth+}
   (You found it on level 7 of the Dungeon)

   Stlth:     It makes you more stealthy.
Jewellery
 s - a +6 ring of intelligence (left hand)
 A - a +6 ring of intelligence
 D - a ring of wizardry (right hand)
 F - an amulet of reflection (around neck)
Wands
 y - a wand of iceblast (5)
Scrolls
 b - a scroll of fear {unknown}
 h - 3 scrolls of teleportation
 i - a scroll of poison {unknown}
 j - a scroll of torment {unknown}
 k - 4 scrolls of immolation
 n - 2 scrolls of blinking
 q - 2 scrolls of enchant armour {unknown}
 u - a scroll of silence {unknown}
 v - a scroll of butterflies {unknown}
 w - a scroll of fog {unknown}
 x - 2 scrolls of noise {unknown}
 H - 2 scrolls of amnesia {unknown}
Potions
 d - a potion of might
 e - 4 potions of mutation
 f - 5 potions of curing
 g - 2 potions of flight {unknown}
 o - 6 potions of brilliance
 p - 4 potions of heal wounds
 r - 2 potions of degeneration {unknown}
 t - a potion of attraction {unknown}
 z - 2 potions of lignification
 E - a potion of magic {unknown}


   Skills:
 * Level 6.6 Fighting
 * Level 9.5 Polearms
 * Level 7.0 Armour
 * Level 7.1 Shields
 * Level 2.9 Invocations


You had 8 spell levels left.
You knew the following spells:

 Your Spells              Type           Power      Damage    Failure   Level
a - Apportation           Tloc           0%         N/A       21%         1

Your spell library contained the following spells:

 Spells                   Type           Power      Damage    Failure   Level
 Freeze                   Ice            0%         1d3       21%         1
 Necrotise                Necr           0%         1d4       21%         1
 Sandblast                Erth           0%         2d4       21%         1
 Shock                    Conj/Air       0%         1d3       21%         1
 Cigotuvi's Dreadful Rot  Necr/Pois/Air  0%         N/A       28%         2
 Passwall                 Tmut/Erth      0%         N/A       28%         2
 Poisonous Vapours        Pois/Air       0%         N/A       28%         2
 Frozen Ramparts          Ice            0%         1d1       50%         3
 Hailstorm                Conj/Ice       0%         3d3       50%         3
 Mephitic Cloud           Conj/Pois/Air  0%         N/A       50%         3
 Ozocubu's Armour         Ice            0%         N/A       50%         3
 Stone Arrow              Conj/Erth      0%         3d7       50%         3
 Airstrike                Air            0%         2d(0-16)  86%         4
 Ice Form                 Ice/Tmut       0%         N/A       86%         4
 Blade Hands              Tmut           0%         N/A       99%         5
 Irradiate                Conj/Tmut      0%         3d11      99%         5
 Dragon Form              Tmut           0%         N/A       100%        7
 Ozocubu's Refrigeration  Ice            0%         4d7       100%        7
 Summon Small Mammal      Summ           Unusable   N/A       N/A         1
 Call Canine Familiar     Summ           Unusable   N/A       N/A         3
 Summon Guardian Golem    Hex/Summ       Unusable   N/A       N/A         3
 Swiftness                Air            Unusable   N/A       N/A         3
 Summon Ice Beast         Ice/Summ       Unusable   N/A       N/A         4

Dungeon Overview and Level Annotations

Branches:
Dungeon (10/15)            Temple (1/1) D:7
   Lair: D:8-11         Orc: D:9-12

Altars:
Ashenzari
Cheibriados
Elyvilon
Fedhas
Gozag
Hepliaklqana
Kikubaaqudgha
Makhleb
Nemelex Xobeh
Okawaru
Qazlal
Sif Muna
Vehumet
Yredelemnul

Shops:
D:5 !


Innate Abilities, Weirdness & Mutations

You cannot be hasted, slowed, berserked, paralysed or teleported.
You can dig through walls and to a lower floor.
You have a pair of large antennae on your head. (SInv)
Your four strong arms can wield two-handed weapons with a shield.


Message History

You puncture the shadow!
The shadow is heavily damaged.
The shadow slips into darkness.
The shadow flickers and vanishes for a moment.
You puncture the shadow!
The shadow is almost destroyed.
The shadow hits you.
You hit the shadow.
You destroy the shadow!
Okawaru accepts your kill.
Your Shields skill increases to level 7!
You have reached level 10!
You puncture the two-headed ogre! You freeze the two-headed ogre.
The two-headed ogre is moderately wounded.
You block the two-headed ogre's attack.
The two-headed ogre completely misses you.
You hit the two-headed ogre. You freeze the two-headed ogre.
The two-headed ogre is moderately wounded.
You hit the two-headed ogre. You freeze the two-headed ogre.
The two-headed ogre is moderately wounded.
The two-headed ogre hits you with a +0 giant club.
The two-headed ogre barely misses you.
You puncture the two-headed ogre! You freeze the two-headed ogre.
The two-headed ogre is heavily wounded.
You puncture the two-headed ogre! You freeze the two-headed ogre.
The two-headed ogre is severely wounded.
The two-headed ogre hits you with a +0 giant club!
You block the two-headed ogre's attack.
You hit the two-headed ogre. You freeze the two-headed ogre.
The two-headed ogre is severely wounded.
You hit the two-headed ogre. You freeze the two-headed ogre.
The two-headed ogre is almost dead.
The two-headed ogre hits you with a +0 giant club!
* * * LOW HITPOINT WARNING * * *
You block the two-headed ogre's attack.
You hit the two-headed ogre. You freeze the two-headed ogre.
The two-headed ogre is almost dead.
The two-headed ogre closely misses you.
The two-headed ogre hits you with a +0 giant spiked club!!
You die...

#################################
................@O...............
...#####.......####............##
...# #..###..# #..###.....))##
...# #..# #..# #..# #.....).##
...# #..# #..# #O[# #>.....(##
...# #..# #..# #..# #.......##
...# #..# #..# #..# #.......##
...# #..# #..# #..# #.......##
...# #..# #..# #..# #.......#


You could see a two-headed ogre.

Vanquished Creatures
  Erica (D:10)
  Grinder (D:4)
  A shadow (D:9)
  A water moccasin (D:9)
  3 orc warriors
  2 sky beasts
  2 centaurs
  A kobold brigand (Temple)
  2 necrophages
  2 bullfrogs
  4 wights (D:6)
  A howler monkey (D:9)
  2 hounds
  2 gnoll boudas (D:6)
  5 orc priests
  An iguana (D:5)
  3 orc wizards (D:5)
  11 gnolls
  10 adders
  A white imp (D:7)
  An ufetubus (D:5)
  A worm (D:3)
  3 dart slugs
  17 orcs
  3 endoplasms
  5 giant cockroaches
  5 goblins
  6 hobgoblins
  8 jackals
  9 kobolds
  2 quokkas (D:1)
  5 ball pythons
  5 bats
  5 frilled lizards
  2 rats (D:1)
133 creatures vanquished.

Notes
Turn   | Place    | Note
-------+----------+-------------------------------------------
     0 | D:1      | CrazyBamboolord the Formicid Fighter began the quest for
                  | the Orb.
     0 | D:1      | Reached XP level 1. HP: 18/18 MP: 1/1
    86 | D:1      | Found a faded altar of an unknown god.
    91 | D:1      | Reached XP level 2. HP: 20/24 MP: 2/2
   358 | D:1      | Reached XP level 3. HP: 26/29 MP: 3/3
   718 | D:2      | Identified the +1 ring mail of Exclusion {rC+ rN+}
  1179 | D:2      | Reached XP level 4. HP: 30/37 MP: 4/4
  1484 | D:3      | Found a white marble altar of Elyvilon.
  1485 | D:3      | Found an opulent altar of Gozag.
  1487 | D:3      | Found a radiant altar of Vehumet.
  1488 | D:3      | Found a shimmering blue altar of Sif Muna.
  1488 | D:3      | Found a stormy altar of Qazlal.
  1489 | D:3      | Found an ancient bone altar of Kikubaaqudgha.
  1489 | D:3      | Found a burning altar of Makhleb.
  1490 | D:3      | Found a hazy altar of Hepliaklqana.
  1618 | D:3      | Reached skill level 3 in Polearms
  1810 | D:3      | Noticed a centaur
  1823 | D:3      | Killed a centaur
  1824 | D:3      | Reached XP level 5. HP: 19/42 MP: 5/5
  2155 | D:4      | Found a broken altar of Ashenzari.
  2188 | D:4      | Reached XP level 6. HP: 48/48 MP: 6/6
  2231 | D:4      | Reached skill level 4 in Polearms
  2231 | D:4      | Reached skill level 5 in Shields
  2592 | D:4      | Reached skill level 5 in Armour
  2735 | D:5      | Entered Level 5 of the Dungeon
  2735 | D:5      | Found Riruetox's Distillery.
  2760 | D:5      | Noticed a sky beast
  2767 | D:5      | Killed a sky beast
  2768 | D:5      | Reached skill level 5 in Polearms
  2768 | D:5      | Reached XP level 7. HP: 46/55 MP: 7/7
  2799 | D:5      | Bought 2 potions of heal wounds for 100 gold pieces
  2829 | D:5      | Noticed Grinder
  2852 | D:4      | Killed Grinder
  2925 | D:5      | Reached skill level 6 in Polearms
  2952 | D:5      | Reached XP level 8. HP: 41/61 MP: 8/8
  3423 | D:5      | Bought a potion of lignification for 30 gold pieces
  3423 | D:5      | Bought a potion of curing for 30 gold pieces
  3423 | D:5      | Bought a potion of curing for 30 gold pieces
  4134 | D:6      | Reached skill level 5 in Fighting
  4296 | D:6      | Reached skill level 7 in Polearms
  4945 | D:7      | Found a staircase to the Ecumenical Temple.
  4958 | Temple   | Entered the Ecumenical Temple
  4992 | Temple   | Became a worshipper of Warmaster Okawaru
  4998 | Temple   | Reached XP level 9. HP: 18/68 MP: 9/9
  5247 | D:7      | Learned a level 1 spell: Apportation
  5328 | D:7      | Reached skill level 8 in Polearms
  5340 | D:7      | Identified the +1 pair of boots "Sezejous" {Stlth+}
  5378 | D:7      | You fall into a shaft and drop 3 floors!
  5378 | D:10     | Entered Level 10 of the Dungeon
  5382 | D:10     | Noticed Erica
  5391 | D:10     | Killed Erica
  5391 | D:10     | Reached * piety under Okawaru
  5752 | D:9      | Reached skill level 9 in Polearms
  5831 | D:9      | Reached ** piety under Okawaru
  5989 | D:9      | Noticed a two-headed ogre
  6023 | D:9      | Reached XP level 10. HP: 50/77 MP: 12/12
  6030 | D:9      | Slain by a two-headed ogre

Illustrated notes

Levels and vault maps discovered:
D:1:      scummos_arrival_checkerplants, layout_rooms,
          hellmonk_ecumenical_altar_zigzags, minmay_misc_feat_diagonals,
          chequers_serial_rivers_small_b
D:2:      wad_crossroads, layout_loops_ring
D:3:      layout_basic, grunt_temple_overflow_open, uniq_ijyb, uniq_terence
D:4:      layout_basic, cheibrodos_ashenzari_chains
D:5:      layout_rooms, serial_shops, shop, uniq_grinder
D:6:      layout_loops_corners
D:7:      layout_rooms, minmay_temple_entry_overgrown, minmay_puff
D:9:      layout_long_grid, serial_park_tiny_pond, minmay_tree_intersection
D:10:     layout_basic, uniq_grum, uniq_erica
Temple:   minmay_temple_curvy_loop

Skill      XL: |  1  2  3  4  5  6  7  8  9 |
---------------+----------------------------+-----
Armour         | 4 5 6 7 |  7.0
Polearms       | 3 5 6 7 9 |  9.5
Fighting       | 4 5 6 |  6.6
Shields        | 5 6 7 |  7.1
Invocations    | 2 |  2.9

Action                     |  1- 3 |  4- 6 |  7- 9 | 10-12 || total
---------------------------+-------+-------+-------+-------++-------
  Melee: Trident           |   100 |    99 |   266 |     8 ||   473
    Use: Scroll            |     3 |     6 |     3 |       ||    12
         Potion            |       |     4 |     2 |       ||     6
 Armour: Scale mail        |    39 |       |       |       ||    39
         Ring mail         |     8 |    29 |    45 |       ||    82
  Dodge: Dodged            |    46 |    48 |    73 |     3 ||   170
  Block: Buckler           |    20 |    17 |    61 |     3 ||   101
         Reflection        |       |       |     7 |       ||     7

Table legend: (Time is in decaauts)
 A = Elapsed time spent in this place.
 B = Non-inter-level travel time spent in this place.
 C = Inter-level travel time spent in this place.
 D = Time resting spent in this place.
 E = Time spent auto-exploring this place.
 F = Levels seen in this place.
 G = Mean time per level.
                   A        B        C        D        E       F      G
               +--------+--------+--------+--------+--------+-----+--------+
         Total |   6051 |   5873 |    178 |    266 |   4472 |  10 |  605.1 |
       Dungeon |   5847 |   5687 |    160 |    131 |   4472 |   9 |  649.7 |
        Temple |    203 |    185 |     18 |    135 |      0 |   1 |  203.0 |
               +--------+--------+--------+--------+--------+-----+--------+

Top non-repeatable levels by time:
     D:6: 1494 daAuts
     D:2: 768 daAuts
     D:1: 733 daAuts
     D:4: 684 daAuts
     D:3: 649 daAuts
     D:5: 645 daAuts
     D:9: 357 daAuts
    D:10: 282 daAuts
     D:7: 229 daAuts
  Temple: 203 daAuts
